 Seeded DCSS version 0.30-a0-715-gdb4ae3ece1 (webtiles) character file.

Game seed: 5430720872467839093 (custom seed)

51 OTABOTABOTAB the Grave Robber (level 3, -4/24 HPs)
             Began as a Vampire Necromancer on Jan 24, 2023.
             Slain by a gnoll
             ... wielding a +0 club
              (6 damage)
             ... on level 2 of the Dungeon.
             The game lasted 00:03:03 (1485 turns).

OTABOTABOTAB the Grave Robber (Vampire Necromancer) Turns: 1485, Time: 00:03:04

Health: -4/24      AC:  2    Str: 13    XL:     3   Next: 57%
Magic:  7/7        EV: 12    Int: 19    God:
Gold:   69         SH:  0    Dex: 14    Spells: 4/8 levels left

rFire   . . .      SeeInvis +    b - +0 dagger
rCold   + . .      Faith    .    (no shield)
rNeg    . . .      Spirit   .    a - +0 robe
rPois   .          Reflect  .    (no helmet)
rElec   .          Harm     .    (no cloak)
rCorr   .          Rampage  .    (no gloves)
Will    .....                    (no boots)
Stlth   +++                      (no amulet)
HPRegen 0.44/turn                c - +6 ring of strength
MPRegen 0.10/turn                C - ring of protection from cold {rC+, !d}

@: healing quickly
A: alive, fangs 3, see invisible, vampiric 2
a: Exsanguinate


You were on level 2 of the Dungeon.
You visited 1 branch of the dungeon, and saw 2 of its levels.

You collected 69 gold pieces.

Inventory:

Hand Weapons
 b - a +0 dagger (weapon)
   (You took it off a kobold on level 1 of the Dungeon)
Missiles
 s - 15 stones
Armour
 a - a +0 robe (worn)
Jewellery
 c - a +6 ring of strength (left hand)
   (You found it on level 1 of the Dungeon)
 C - a ring of protection from cold (right hand) {rC+, !d}
   (You found it on level 2 of the Dungeon)
Scrolls
 d - a scroll of brand weapon {unknown}
 f - a scroll of teleportation {unknown}
 h - 3 scrolls of amnesia {unknown}
 j - a scroll of noise {unknown}
 k - a scroll of identify {unknown}
 l - a scroll of torment {unknown}
 m - 3 scrolls of acquirement {unknown}
 n - a scroll of immolation {unknown}
 o - a scroll of fog {unknown}
 p - a scroll of enchant armour {unknown}
Potions
 e - a potion of mutation {unknown}
 g - a potion of attraction {unknown}
 i - 2 potions of curing {unknown}


   Skills:
 - Level 2.1 Dodging
 + Level 4.0 Stealth
 * Level 3.0 Spellcasting
 + Level 4.8 Necromancy


You had 4 spell levels left.
You knew the following spells:

 Your Spells              Type           Power      Damage    Failure   Level
a - Necrotise             Necr           84%        1d8       2%          1
x - Vampiric Draining     Necr           21%        2d7       6%          3

Your spell library contained the following spells:

 Spells                   Type           Power      Damage    Failure   Level
 Animate Dead             Necr           21%        N/A       22%         4
 Agony                    Necr           21%        N/A       52%         5


Dungeon Overview and Level Annotations

Branches:
Dungeon (2/15)

Altars:

Shops:
D:2 ?

Annotations:
D:2 1 exclusion


Innate Abilities, Weirdness & Mutations

Your natural rate of healing is accelerated.
You have razor-sharp teeth.
You have supernaturally acute eyesight. (SInv)
You are afflicted with vampirism and can become a bat while bloodless.


Message History

Aim: a bat (moderately wounded, ally target, chance to affect: 89%)
The bat writhes in agony!
You kill the bat!
The dead are flying!
You now have 2/7 mp.
Health restored: 24 Your frilled lizard skeleton crumbles into dust!
Your goblin skeleton crumbles into dust!
Your bat skeleton crumbles into dust!
You now have 69 gold pieces (gained 9).
p - a scroll labelled YMAALE IKAA MP restored: 7 A gnoll comes into view.
It is wielding a +0 flail.
A gnoll comes into view. It is wielding a +0 whip.
This spell is quite dangerous to cast!
Memorise Vampiric Draining, consuming 3 spell levels and leaving 3?
You start memorising the spell.
You continue memorising. x3
You finish memorising.
Spell assigned to 'x'.
The gnoll shouts!
Okay, then.
Aim: a gnoll, wielding a +0 flail (chance to affect: 84%)
The gnoll writhes in agony!
A gnoll comes into view. It is wielding a +0 club.
You now have 6/7 mp.
Aim: a gnoll, wielding a +0 flail (severely wounded, chance to affect: 84%)
The gnoll writhes in agony.
The gnoll shouts!
You now have 5/7 mp.
Aim: a gnoll, wielding a +0 flail (almost dead, chance to affect: 84%)
The gnoll writhes in agony.
You kill the gnoll!
The dead are walking!
The gnoll hits your gnoll skeleton with a +0 club!
You now have 4/7 mp.
Aim: a gnoll, wielding a +0 whip (ally target, chance to affect: 84%)
The gnoll writhes in agony.
The gnoll hits your gnoll skeleton with a +0 club!
Your gnoll skeleton is destroyed!
You now have 3/7 mp.
Aim: a gnoll, wielding a +0 whip (moderately wounded, chance to affect: 84%)
The gnoll writhes in agony.
You now have 2/7 mp.
Aim: a gnoll, wielding a +0 whip (moderately wounded, chance to affect: 84%)
The gnoll writhes in agony.
The gnoll hits you with a +0 whip.
You take 4 damage, and have 20/24 hp.
You now have 1/7 mp.
Aim: a gnoll, wielding a +0 whip (severely wounded, chance to affect: 84%)
The gnoll writhes in agony.
You kill the gnoll!
The dead are walking!
Your Stealth skill increases to level 4!
Your Spellcasting skill increases to level 3!
You now have 0/7 mp.
What are your orders? t - Shout!
Orders for allies: a - Attack new target. r - Retreat! s - Stop attacking. g - Guard the area. f - Follow me.
Anything else - Cancel.
Gang up on whom?
Aim: a gnoll, wielding a +0 club (ally target) Attack!
Your gnoll skeleton hits the gnoll.
The gnoll hits your gnoll skeleton with a +0 club.
The gnoll hits your gnoll skeleton with a +0 club.
Your gnoll skeleton hits the gnoll.
The gnoll hits your gnoll skeleton with a +0 club.
Your gnoll skeleton completely misses the gnoll.
The gnoll hits your gnoll skeleton with a +0 club!
Your gnoll skeleton is destroyed!
Aim: a gnoll, wielding a +0 club (moderately wounded, chance to affect: 85%)
The gnoll barely resists.
You now have 0/7 mp.
The gnoll hits you with a +0 club.
You take 6 damage, and have 17/24 hp.
MASSIVE DAMAGE!!
The gnoll attacks as you move away! The gnoll hits you with a +0 club!
You take 7 damage, and have 10/24 hp.
MASSIVE DAMAGE!!
The gnoll attacks as you move away! The gnoll barely misses you.
You see here a +0 dagger.
The gnoll attacks as you move away! The gnoll closely misses you.
The gnoll attacks as you move away! The gnoll barely misses you.
Aim: a gnoll, wielding a +0 club (moderately wounded, chance to affect: 85%)
The gnoll writhes in agony.
The gnoll hits you with a +0 club.
* * * LOW HITPOINT WARNING * * *
You take 6 damage, and have 6/24 hp.
MASSIVE DAMAGE!!
You now have 0/7 mp.
The gnoll attacks as you move away! The gnoll misses you.
A hobgoblin comes into view.
The hobgoblin shouts!
A kobold comes into view. It is wielding a +0 short sword.
The gnoll attacks as you move away! The gnoll hits you with a +0 club!
* * * LOW HITPOINT WARNING * * *
You take 6 damage, and have 2/24 hp.
MASSIVE DAMAGE!!
Magic courses through your body. The gnoll hits you with a +0 club.
You die...

## ####.# #...
.[#...)#### #..#.
#.#.##....#
#....##.#.......##
#..#.......#.#...#####
#....#...#.....#.....###
#.#....#....#....#.^....
.....#...#.....#...#.###
#...@g..#.#..........
......#.#.......#.#.####
#...#...g.#...#.........
..#....#....#....#...###
#...#.....#...#.....##
......#.#.......#.#.#
.#.#.......#.#.......
....#...#.....#...#.


You could see a gnoll and a hobgoblin.

Vanquished Creatures
  2 gnolls (D:2)
  2 bats
  4 endoplasms
  A hobgoblin (D:1)
  4 jackals (D:1)
  4 kobolds (D:1)
  2 quokkas (D:1)
  2 ball pythons (D:1)
  A frilled lizard (D:2)
  4 goblins
  A rat (D:1)
27 creatures vanquished.

Notes
Turn   | Place    | Note
-------+----------+-------------------------------------------
     0 | D:1      | OTABOTABOTAB the Vampire Necromancer began the quest for
                  | the Orb.
     0 | D:1      | Reached XP level 1. HP: 13/13 MP: 3/3
   253 | D:1      | Reached XP level 2. HP: 18/19 MP: 0/5
  1204 | D:2      | Found Doddoiw's Magic Scroll Shoppe.
  1390 | D:2      | Gained mutation: You are afflicted with vampirism and can
                  | become a bat while bloodless. [Vampire growth]
  1390 | D:2      | Reached XP level 3. HP: 24/24 MP: 4/7
  1455 | D:2      | Learned a level 3 spell: Vampiric Draining
  1465 | D:2      | Reached skill level 4 in Stealth
  1465 | D:2      | Reached skill level 3 in Spellcasting
  1478 | D:2      | HP: 6/24 [gnoll/+0 club (6)]
  1484 | D:2      | HP: 1/24 [gnoll/+0 club (7)]
  1485 | D:2      | Slain by a gnoll

Illustrated notes

Levels and vault maps discovered:
D:1:      dpeg_arrival_boxes_within_box, layout_basic
D:2:      layout_loops_ring, serial_shops, shop, nicolae_kite_square_tiling_tiny

Skill      XL: |  1  2  3 |
---------------+----------+-----
Stealth        | 4 |  4.0
Spellcasting   | 3 |  3.0
Dodging        | |  2.1
Necromancy     | |  4.8

Action                     || total
---------------------------++-------
  Melee: Dagger            ||    13
         Unarmed           ||     3
         Bite              ||     3
         Punch             ||     1
   Cast: Necrotise         ||    45
    Use: Potion            ||     1
 Armour: Robe              ||     3
  Dodge: Dodged            ||    18

Table legend: (Time is in decaauts)
 A = Elapsed time spent in this place.
 B = Non-inter-level travel time spent in this place.
 C = Inter-level travel time spent in this place.
 D = Time resting spent in this place.
 E = Time spent auto-exploring this place.
 F = Levels seen in this place.
 G = Mean time per level.
                   A        B        C        D        E       F      G
               +--------+--------+--------+--------+--------+-----+--------+
         Total |   1483 |   1458 |     25 |      0 |   1262 |   2 |  741.5 |
       Dungeon |   1483 |   1458 |     25 |      0 |   1262 |   2 |  741.5 |
               +--------+--------+--------+--------+--------+-----+--------+

Top non-repeatable levels by time:
     D:1: 1117 daAuts
     D:2: 366 daAuts

Table legend:
 A = Kills in this place as a percentage of kills in entire the game.
 B = Kills by you in this place as a percentage of kills by you in the entire game.
 C = Kills by friends in this place as a percentage of kills by friends in the entire game.
 D = Other kills in this place as a percentage of other kills in the entire game.
 E = Experience gained in this place as a percentage of experience gained in the entire game.
 F = Experience gained in this place divided by the number of levels of this place that you have seen.
                   A       B       C       D       E      F
               +-------+-------+-------+-------+-------+----------------------
         Total | 100.0 | 100.0 |   N/A |   N/A | 100.0 |  36.5
       Dungeon | 100.0 | 100.0 |   N/A |   N/A | 100.0 |  36.5
               +-------+-------+-------+-------+-------+----------------------
